 Dungeon Crawl Stone Soup version 0.29-a0-648-g6b26cc9f40 (webtiles) character file.

Game seed: 17570423090352535111

486 DuloT34 the Skirmisher (level 7, 0/61 HPs)
             Began as a Ghoul Gladiator on June 20, 2022.
             Was a Follower of Uskayaw.
             Slain by an orc
             ... wielding a +1 hand axe of electrocution
              (19 damage)
             ... on level 4 of the Dungeon.
             The game lasted 00:08:37 (3006 turns).

DuloT34 the Skirmisher (Ghoul Gladiator)            Turns: 3006, Time: 00:08:38

Health: 0/61       AC:  6    Str: 18    XL:     7   Next: 13%
Magic:  6/8        EV: 12    Int:  7    God:    Uskayaw [*.....]
Gold:   254        SH:  0    Dex: 16    Spells: 6/6 levels left

rFire   + . .      SeeInvis .   a - +0 flail
rCold   . . .      Faith    .   (no shield)
rNeg    + + +      Spirit   .   b - +0 leather armour
rPois   ∞          Reflect  .   c - +1 helmet
rElec   .          Harm     .   u - +0 cloak
rCorr   +          Rampage  .   (no gloves)
Will    .....                   (no boots)
Stlth   +.........              (no amulet)
HPRegen 0.00/turn               o - ring of resist corrosion
MPRegen 0.11/turn               l - ring "Ilieh" {Fire Int+2 Dex+6 Slay+3}

@: inhibited regen
A: claws 1, cold resistance 1, negative energy resistance 3, inhibited
regeneration, torment resistance 2, devour on kill
a: Renounce Religion, Stomp


You were on level 4 of the Dungeon.
You worshipped Uskayaw.
Uskayaw was noncommittal.
You visited 1 branch of the dungeon, and saw 4 of its levels.

You collected 254 gold pieces.

Inventory:

Hand Weapons
 a - a +0 flail (weapon)
Missiles
 d - 4 throwing nets (quivered)
 e - a javelin
Armour
 b - a +0 leather armour (worn)
 c - a +1 helmet (worn)
 u - a +0 cloak (worn)
Jewellery
 l - the ring "Ilieh" (right claw) {Fire Int+2 Dex+6 Slay+3}
   (You acquired it on level 2 of the Dungeon)

   [ring of fire]

   It enhances your fire magic.
   Int:       It affects your intelligence (+2).
   Dex:       It affects your dexterity (+6).
   Slay:      It affects your accuracy & damage with ranged weapons and melee
   (+3).
   rF:        It protects you from fire.
   rC:        It makes you vulnerable to cold.
 o - a ring of resist corrosion (left claw)
Wands
 n - a wand of flame (9)
 q - a wand of mindburst (2)
Scrolls
 h - 2 scrolls of vulnerability
 p - a scroll of teleportation {unknown}
 s - 2 scrolls of identify
 v - a scroll of summoning {unknown}
 w - a scroll of enchant weapon {unknown}
Potions
 f - a potion of flight {unknown}
 g - 2 potions of attraction {unknown}
 i - 2 potions of resistance
 j - a potion of brilliance {unknown}
 k - 2 potions of might {unknown}
 m - a potion of lignification {unknown}
 r - a potion of haste {unknown}
 t - 3 potions of curing {unknown}


   Skills:
 + Level 5.3 Fighting
 - Level 4.0 Maces & Flails
 - Level 1.7 Throwing
 + Level 3.0 Armour
 - Level 2.6 Dodging
 + Level 3.0 Invocations


You had 6 spell levels left.
You didn't know any spells.
Your spell library was empty.

Dungeon Overview and Level Annotations

Branches:
Dungeon (4/15)
 Temple: D:4-7

Altars:
Elyvilon
Ru
Uskayaw


Innate Abilities, Weirdness & Mutations

You are immune to poison.
You have sharp fingernails.
Your flesh is cold resistant. (rC+)
You are immune to negative energy. (rN+++)
You do not regenerate when monsters are visible.
You are immune to unholy pain and torment.
You thrive by killing the living.


Message History

You hit the orc priest but do no damage.
The orc priest is moderately wounded.
The orc priest hits you with a +0 short sword.
The orc closely misses you. The orc hits you with a +0 whip.
You hit the orc but do no damage.
The orc is severely wounded.
The orc priest hits you with a +0 short sword.
The orc misses you. The orc closely misses you.
You hit the orc priest but do no damage.
The orc priest is moderately wounded.
The orc hits you with a +0 mace. The orc priest completely misses you.
The orc barely misses you. x2
You completely miss the orc priest.
The orc priest is moderately wounded.
The orc hits you with a +0 mace.
The orc priest hits you with a +0 short sword.
The orc hits you with a +0 whip. The orc hits you but does no damage.
The orc hits you with a +0 mace. The orc misses you.
The orc closely misses you.
The orc priest hits you with a +0 short sword.
You can no longer pass through a line of other dancers.
You hit the orc but do no damage.
The orc is severely wounded.
The orc hits you but does no damage. The orc barely misses you.
The orc priest hits you but does no damage.
The orc hits you with a +0 mace.
The orc hits you with a +1 hand axe of electrocution.
The orc misses you.
The orc priest attacks as you move away!
The orc priest closely misses you. The orc closely misses you.
Things that are here:
a +0 dagger; an orc corpse The orc attacks as you move away!
The orc closely misses you. The orc attacks as you move away!
The orc hits you with a +1 hand axe of electrocution.
The orc hits you with a +0 whip.
There is a stone staircase leading up here.
The orc barely misses you. The orc hits you but does no damage.
You are electrocuted!!
You die...

................
.................
.................
.(...............
.................
.................
........o.†......
........oo†......
.......@oo†......
.......oo........
.................
.................
.................
.................
.................
................


You could see an orc priest and 6 orcs.

Vanquished Creatures
  Sigmund (D:3)
  A water moccasin (D:2)
  An iguana (D:3)
  4 gnolls (D:2)
  5 adders
  3 worms (D:2)
  4 dart slugs
  6 orcs
  2 bats
  11 endoplasms
  3 giant cockroaches
  6 goblins
  8 hobgoblins
  4 jackals (D:4)
  4 quokkas
  4 ball pythons
  3 frilled lizards
  7 kobolds
  5 rats
82 creatures vanquished.

Notes
Turn   | Place    | Note
-------+----------+-------------------------------------------
     0 | D:1      | DuloT34 the Ghoul Gladiator began the quest for the Orb.
     0 | D:1      | Reached XP level 1. HP: 17/17 MP: 0/0
   253 | D:1      | Reached XP level 2. HP: 19/25 MP: 1/1
   591 | D:1      | Reached skill level 3 in Fighting
   601 | D:1      | Reached XP level 3. HP: 31/31 MP: 2/2
  1315 | D:2      | Reached XP level 4. HP: 38/38 MP: 3/3
  1328 | D:2      | Reached skill level 1 in Armour
  1752 | D:2      | Reached XP level 5. HP: 16/46 MP: 4/4
  1919 | D:2      | Found a hide-covered altar of Uskayaw.
  2017 | D:2      | Became a worshipper of Uskayaw the Reveller
  2088 | D:2      | Reached * piety under Uskayaw
  2092 | D:2      | Reached ** piety under Uskayaw
  2149 | D:3      | Noticed Sigmund
  2149 | D:3      | Noticed a water moccasin
  2156 | D:3      | Killed Sigmund
  2157 | D:3      | Reached skill level 4 in Fighting
  2157 | D:3      | Reached XP level 6. HP: 24/53 MP: 4/6
  2164 | D:2      | Reached *** piety under Uskayaw
  2165 | D:2      | Killed a water moccasin
  2166 | D:2      | Reached skill level 5 in Fighting
  2394 | D:2      | Identified a scroll of acquirement
  2394 | D:2      | Acquired the ring "Ilieh" {Fire Int+2 Dex+6 Slay+3}
  2427 | D:3      | Reached XP level 7. HP: 50/61 MP: 6/8
  2538 | D:3      | Found a faded altar of an unknown god.
  2897 | D:3      | Found a sacrificial altar of Ru.
  3006 | D:4      | Slain by an orc

Illustrated notes

Levels and vault maps discovered:
D:1:      mainiacjoe_arrival_reflecting_pool, layout_rooms,
          dreamdust_wishing_well, serial_bayou_pond_e
D:2:      layout_rooms, basic_altar
D:3:      layout_rooms, elyvilon_altar_5, mainiacjoe_overflow_24_doors,
          hellmonk_ecumenical_altar_lost_god, chequers_serial_rivers_micro_c,
          uniq_sigmund
D:4:      layout_layer_cave, lemuel_crystal_altar,
          chequers_temple_overflow_minitemple, st_stairs_5

Skill      XL: |  1  2  3  4  5  6  7 |
---------------+----------------------+-----
Maces & Flails | 3 4 |  4.0
Fighting       | 3 4 5 |  5.3
Armour         | 1 2 3 |  3.0
Invocations    | 2 3 |  3.0
Throwing       | |  1.7
Dodging        | |  2.6

Action                   |  1- 3 |  4- 6 |  7- 9 || total
-------------------------+-------+-------+-------++-------
Melee: Flail             |   125 |    61 |    63 ||   249
       Punch             |     1 |       |     1 ||     2
Invok: Stomp             |       |       |     1 ||     1
Evoke: Wand              |     1 |    10 |       ||    11
  Use: Scroll            |     1 |     4 |       ||     5
 Stab: Paralysed         |       |     1 |     1 ||     2
Armor: Leather armour    |    53 |    13 |    25 ||    91
Dodge: Dodged            |   108 |    39 |    87 ||   234

Table legend: (Time is in decaauts)
 A = Elapsed time spent in this place.
 B = Non-inter-level travel time spent in this place.
 C = Inter-level travel time spent in this place.
 D = Time resting spent in this place.
 E = Time spent auto-exploring this place.
 F = Levels seen in this place.
 G = Mean time per level.
                   A        B        C        D        E       F      G
               +--------+--------+--------+--------+--------+-----+--------+
         Total |   3060 |   2978 |     82 |    809 |   1529 |   4 |  765.0 |
       Dungeon |   3060 |   2978 |     82 |    809 |   1529 |   4 |  765.0 |
               +--------+--------+--------+--------+--------+-----+--------+

Top non-repeatable levels by time:
     D:2: 1498 daAuts
     D:1: 931 daAuts
     D:3: 605 daAuts
     D:4: 24 daAuts
